 Dungeon Crawl Stone Soup version 0.21.1-1-g345015fe64 (webtiles) character file.

487 ILYA101 the Slasher (level 6, -8/53 HPs)
             Began as a Draconian Fighter on July 2, 2018.
             Mangled by an ogre
             ... wielding a +0 giant club
              (24 damage)
             ... on level 4 of the Dungeon.
             The game lasted 00:07:20 (2852 turns).

ILYA101 the Slasher (Draconian Fighter)             Turns: 2852, Time: 00:07:21

Health: -8/53      AC:  6    Str: 20    XL:     6   Next: 89%
Magic:  6/6        EV: 11    Int:  8    God:
Gold:   107        SH: 12    Dex: 11    Spells: 5/5 levels left

rFire    . . .     SeeInvis .   a - +0 long sword
rCold    . . .     Gourm    .   b - +3 shield
rNeg     . . .     Faith    .   (armour unavailable)
rPois    .         Spirit   .   (helmet restricted)
rElec    .         Reflect  .   (no cloak)
rCorr    .         Harm     .   (no gloves)
MR       .....                  (no boots)
Stlth    +.........             (no amulet)
HPRegen  0.17/turn              (no ring)
MPRegen  0.10/turn              (no ring)

@: no status effects
A: unfitting armour, cold-blooded, AC +6
a: no special abilities


You were on level 4 of the Dungeon.
You were not hungry.

You visited 1 branch of the dungeon, and saw 4 of its levels.

You collected 107 gold pieces.

Inventory:

Hand Weapons
 a - a +0 long sword (weapon)
Armour
 b - a +3 shield (worn)
Jewellery
 e - a cursed amulet of inaccuracy {unknown}
 h - a +3 ring of dexterity {unknown}
 j - a cursed amulet of inaccuracy {unknown}
 m - a +5 ring of protection {unknown}
 o - an uncursed ring of protection from magic {unknown}
 t - an uncursed ring of flight {unknown}
Scrolls
 i - 4 scrolls of immolation {unknown}
 p - 2 scrolls of teleportation
 r - a scroll of remove curse {unknown}
 s - a scroll of identify
Potions
 c - a potion of might
 f - 3 potions of heal wounds
 g - a potion of magic {unknown}
 k - a potion of curing {unknown}
 l - a potion of haste {unknown}
 n - a potion of degeneration {unknown}
Comestibles
 d - 14 rations
 q - 12 chunks of flesh


   Skills:
 + Level 4.5 Fighting
 + Level 4.9 Long Blades
 + Level 3.8 Dodging
 + Level 0.7 Stealth
 + Level 4.6 Shields


You had 5 spell levels left.
You didn't know any spells.

Dungeon Overview and Level Annotations

Branches:
Dungeon (4/15)
 Temple: D:4-7

Altars:

Annotations:
D:4 Sigmund


Innate Abilities, Weirdness & Mutations

Your plain brown scales are hard. (AC +6)
You cannot fit into any form of body armour.
You are cold-blooded and may be slowed by cold attacks.


Message History

You are too injured to fight recklessly!
You are too injured to fight recklessly!
You are too injured to fight recklessly!
You are too injured to fight recklessly!
You are too injured to fight recklessly!
You are too injured to fight recklessly!
You are too injured to fight recklessly!
You are too injured to fight recklessly!
You are too injured to fight recklessly!
You are too injured to fight recklessly!
You are too injured to fight recklessly!
You are too injured to fight recklessly!
You are too injured to fight recklessly!
You are too injured to fight recklessly!
You are too injured to fight recklessly!
You are too injured to fight recklessly!
You hit the ogre but do no damage.
Your tail-slap misses the ogre.
The ogre is almost dead.
The ogre hits you with a giant club!!
You die...

#.#.# ...... #.#.(
.).. #.### .... ...
..# ##.## #a# #...
#O# #..# #@# #..
#%# #.########
#.####.##.....#
#......###.##.####
###..รท......#.....
#.##############
........# #########


You could see an ogre and a worker ant.

Vanquished Creatures
  An ogre (D:4)
  A scorpion (D:2)
  A howler monkey (D:4)
  An orc priest (D:3)
  11 gnolls
  6 adders
  An ooze (D:1)
  3 worms
  3 dart slugs
  3 leopard geckos
  6 orcs
  2 giant cockroaches
  10 goblins
  12 hobgoblins
  5 jackals
  5 quokkas
  A ball python skeleton (D:3)
  8 bats
  6 frilled lizards
  8 kobolds
  10 rats
104 creatures vanquished.

Notes
Turn   | Place    | Note
-------+----------+-------------------------------------------
     0 | D:1      | ILYA101 the Draconian Fighter began the quest for the Orb.
     0 | D:1      | Reached XP level 1. HP: 19/19 MP: 1/1
   127 | D:1      | Reached XP level 2. HP: 24/26 MP: 2/2
   332 | D:1      | Reached XP level 3. HP: 31/33 MP: 3/3
   734 | D:2      | Reached XP level 4. HP: 35/40 MP: 4/4
  1149 | D:2      | Reached XP level 5. HP: 22/46 MP: 5/5
  2212 | D:3      | Reached XP level 6. HP: 52/52 MP: 6/6
  2848 | D:4      | Noticed Sigmund
  2852 | D:4      | Mangled by an ogre

Skill      XL: |  1  2  3  4  5 |
---------------+----------------+-----
Dodging        | 3 |  3.8
Fighting       | 4 |  4.5
Long Blades    | 3 4 |  4.9
Shields        | 4 |  4.6
Stealth        | |  0.7

Action                   |  1- 3 |  4- 6 || total
-------------------------+-------+-------++-------
Melee: Long sword        |   103 |   200 ||   303
       Tailslap          |    14 |    34 ||    48
  Use: Scroll            |     6 |       ||     6
 Stab: Sleeping          |     1 |       ||     1
  Eat: Chunk             |       |     7 ||     7
Armor: Skin              |    29 |    52 ||    81
Dodge: Dodged            |    49 |    97 ||   146
Block: Shield            |    62 |   175 ||   237
       Rpst.: Long sword |    17 |    40 ||    57
